 Dungeon Crawl Stone Soup version 0.29.1-15-g9cfb28693d (webtiles) character file.

Game seed: 14545292859810522980

407 cdecastro the Basher (level 6, -1/46 (51) HPs)
             Began as a Minotaur Fighter on Apr 6, 2023.
             Was an Initiate of Makhleb.
             Slain by a gnoll sergeant
             ... wielding a +3 vorpal trident
              (3 damage)
             ... on level 4 of the Dungeon.
             The game lasted 00:05:11 (4603 turns).

cdecastro the Basher (Minotaur Fighter)             Turns: 4603, Time: 00:05:12

HP:   -1/46 (51)    AC: 10    Str: 23    XL:     6   Next: 57%
MP:   5/5           EV:  8    Int:  5    God:    Makhleb [......]
Gold: 247           SH:  0    Dex:  9    Spells: 5/5 levels left

rFire   . . .      SeeInvis .   a - +0 flail
rCold   . . .      Faith    .   (no shield)
rNeg    . . .      Spirit   .   t - +0 chain mail
rPois   .          Reflect  .   (helmet restricted)
rElec   .          Harm     .   (no cloak)
rCorr   .          Rampage  .   h - +0 pair of gloves
Will    .....                   (no boots)
Stlth   ..........              (no amulet)
HPRegen 0.15/turn               (no ring)
MPRegen 0.09/turn               (no ring)

@: drained
A: horns 2, retaliatory headbutt
a: Renounce Religion


You were on level 4 of the Dungeon.
You worshipped Makhleb.
Makhleb was noncommittal.
You visited 1 branch of the dungeon, and saw 5 of its levels.

You collected 247 gold pieces.

Inventory:

Hand Weapons
 a - a +0 flail (weapon)
Missiles
 e - 16 poisoned darts (quivered)
 k - 6 boomerangs of dispersal
 s - 5 curare-tipped darts
Armour
 b - a +0 scale mail
 c - a +0 buckler
 h - a +0 pair of gloves (worn)
 t - a +0 chain mail (worn)
Scrolls
 g - 2 scrolls of fear {unknown}
 j - a scroll of magic mapping {unknown}
 m - 4 scrolls of teleportation {unknown}
 o - a scroll of fog {unknown}
 p - 2 scrolls of identify {unknown}
 q - 2 scrolls of poison {unknown}
 v - a scroll of immolation {unknown}
Potions
 d - a potion of might
 f - a potion of resistance {unknown}
 i - a potion of berserk rage {unknown}
 l - a potion of attraction {unknown}
 n - 4 potions of curing {unknown}
 r - a potion of degeneration {unknown}
 u - a potion of lignification {unknown}
 w - 2 potions of invisibility {unknown}
 x - a potion of heal wounds {unknown}


   Skills:
 - Level 3.6 Fighting
 + Level 8.6 Maces & Flails
 - Level 3.6 Armour
 - Level 3.6 Shields


You had 5 spell levels left.
You didn't know any spells.
Your spell library contained the following spells:

 Spells                   Type           Power      Damage    Failure   Level
 Beastly Appendage        Tmut           0%         N/A       99%         1
 Foxfire                  Conj/Fire      0%         2x1d4     99%         1
 Freeze                   Ice            0%         1d3       99%         1
 Sting                    Tmut/Pois      0%         1d3       99%         1
 Poisonous Vapours        Pois/Air       0%         N/A       99%         2
 Wereblood                Tmut           0%         N/A       99%         2
 Conjure Flame            Conj/Fire      0%         6-21      100%        3
 Frozen Ramparts          Ice            0%         1d1       100%        3
 Inner Flame              Hex/Fire       0%         N/A       100%        3
 Spider Form              Tmut/Pois      0%         N/A       100%        3
 Flame Wave               Conj/Fire      0%         2d4       100%        4
 Hailstorm                Conj/Ice       0%         3d3       100%        4
 Olgreb's Toxic Radiance  Pois           0%         N/A       100%        4
 Passage of Golubria      Tloc           0%         N/A       100%        4
 Silence                  Hex/Air        0%         N/A       100%        5
 Lehudib's Crystal Spear  Conj/Erth      0%         10d2      100%        8


Dungeon Overview and Level Annotations

Branches:
Dungeon (5/15)
 Temple: D:4-7

Altars:
Makhleb
Nemelex Xobeh

Annotations:
D:2 Sigmund
D:4 steam dragon


Innate Abilities, Weirdness & Mutations

You have a pair of horns on your head.
You reflexively headbutt those who attack you in melee.


Message History

There is a stone staircase leading down here.
Annotate which branch? (. - D:4, ? - help, ! - show branch list) New annotation for D:4 (include '!' for warning): steam dragon
There is a stone staircase leading down here.
You climb downwards.
The ogre shouts!
The gnoll shouts!
There is a stone staircase leading up here.
The gnoll hits you with a +1 flail of draining.
You feel drained. The gnoll completely misses you.
The gnoll sergeant hits you with a +3 vorpal trident!
You climb upwards.
Level annotation: steam dragon
There is a stone staircase leading down here.
Unknown command.
You hit the gnoll sergeant but do no damage.
You hit the gnoll sergeant but do no damage.
The gnoll hits you with a +0 spear.
The gnoll sergeant hits you but does no damage.
The gnoll hits you with a +1 flail of draining.
You feel drained.
* * * LOW HITPOINT WARNING * * *
You hit the gnoll sergeant but do no damage.
The gnoll hits you with a +0 spear.
* * * LOW HITPOINT WARNING * * *
The gnoll sergeant hits you with a +3 vorpal trident.
* * * LOW HITPOINT WARNING * * *
x2 The gnoll hits you but does no damage.
You feel drained.
You barely miss the gnoll sergeant. The gnoll hits you with a +0 spear.
* * * LOW HITPOINT WARNING * * *
The gnoll sergeant barely misses you.
The gnoll hits you with a +1 flail of draining!
* * * LOW HITPOINT WARNING * * *
You feel drained.
* * * LOW HITPOINT WARNING * * *
You hit the gnoll sergeant. You headbutt the gnoll sergeant.
The gnoll sergeant is lightly wounded.
The gnoll barely misses you. You furiously retaliate!
You headbutt the gnoll.
The gnoll sergeant hits you with a +3 vorpal trident!
* * * LOW HITPOINT WARNING * * *
You die...

# # # # ######## ##### #
#......####...###
#.####.##.......#
###.#.............#
#.....##.##>.g.g..#####
###.#.####.##.#.@g......#
..†........##.#####.###.##
.##.##.######.####.......#
.##.....# #)......###..#
.####...## ######.####..#
.....#...#########.##....#
.........##.....##.##.##.#
##.##.#..##.....##......)#
##.##...........#####..###


You could see a gnoll sergeant and 2 gnolls.

Vanquished Creatures
  2 scorpions (D:4)
  A howler monkey (D:4)
  Natasha (twice) (D:2)
  An orc wizard (D:3)
  3 gnolls (D:2)
  7 adders
  A worm (D:2)
  2 dart slugs (D:2)
  8 orcs
  13 ball pythons
  7 endoplasms
  5 giant cockroaches
  5 goblins
  4 hobgoblins
  7 kobolds
  2 quokkas
  6 bats
  4 frilled lizards
  4 rats
84 creatures vanquished.

Notes
Turn   | Place    | Note
-------+----------+-------------------------------------------
     0 | D:1      | cdecastro the Minotaur Fighter began the quest for the Orb.
     0 | D:1      | Reached XP level 1. HP: 19/19 MP: 0/0
   108 | D:1      | Reached skill level 3 in Maces & Flails
   317 | D:1      | Reached XP level 2. HP: 22/26 MP: 1/1
   568 | D:1      | Reached skill level 4 in Maces & Flails
   908 | D:2      | Reached XP level 3. HP: 31/31 MP: 2/2
   968 | D:2      | Reached skill level 5 in Maces & Flails
  1162 | D:2      | Reached XP level 4. HP: 23/39 MP: 3/3
  1362 | D:2      | Noticed Natasha
  1375 | D:2      | Killed Natasha
  1510 | D:2      | Noticed Natasha
  1517 | D:2      | Killed Natasha
  1518 | D:2      | Reached skill level 6 in Maces & Flails
  1675 | D:2      | Noticed Sigmund
  2060 | D:3      | Reached XP level 5. HP: 37/45 MP: 4/4
  2688 | D:3      | Found a sparkling altar of Nemelex Xobeh.
  2688 | D:3      | Found a burning altar of Makhleb.
  2702 | D:3      | Became a worshipper of Makhleb the Destroyer
  2847 | D:3      | Reached skill level 7 in Maces & Flails
  3181 | D:4      | Noticed a steam dragon
  3345 | D:4      | Identified the +1 ring mail "Hero's Friend" {+Blink Regen+
                  | Str+7 Dex-3}
  3594 | D:4      | Reached XP level 6. HP: 31/51 MP: 5/5
  4295 | D:4      | Reached skill level 8 in Maces & Flails
  4596 | D:5      | Entered Level 5 of the Dungeon
  4603 | D:4      | HP: 2/46 [gnoll sergeant/+3 vorpal trident (7)]
  4603 | D:4      | Slain by a gnoll sergeant

Illustrated notes

Levels and vault maps discovered:
D:1:      amcnicky_arrival_abandoned_market, layout_basic, st_stairs_14,
          minmay_misc_feat_plants
D:2:      layout_rooms, shapermc_ecumenical_altar_mp_vishouse, nrook_campfire,
          minmay_misc_feat_iff, kennysheep_generic_room_4, uniq_natasha,
          uniq_sigmund
D:3:      layout_loops_ring, nicolae_overflow_two_pavilions,
          lightli_corner_chamber
D:4:      minmay_chambers_of_fours, layout_loops_cross
D:5:      layout_loops_ring, ashenzari_altar_1, grunt_ministairs_14, uniq_ijyb,
          uniq_menkaure

Skill      XL: |  1  2  3  4  5  6 |
---------------+-------------------+-----
Maces & Flails | 3 4 5 6 7 8 |  8.6
Fighting       | |  3.6
Armour         | |  3.6
Shields        | |  3.6

Action                   |  1- 3 |  4- 6 || total
-------------------------+-------+-------++-------
Melee: Flail             |    64 |   119 ||   183
       Headbutt          |     9 |    22 ||    31
       Punch             |     2 |     4 ||     6
Armor: Scale mail        |    24 |    31 ||    55
       Chain mail        |       |    34 ||    34
Dodge: Dodged            |    37 |    40 ||    77
Block: Buckler           |     1 |       ||     1
